Comets vs Devils
Created - November 24, 2023 at 19:05
Goals
|
Comets |
0 |
3 |
2 |
5 |
Devils |
3 |
2 |
2 |
7 |
|
Shots
|
Comets |
10 |
14 |
20 |
44 |
Devils |
10 |
10 |
16 |
36 |
|
1st period
1. Devils , Valeri Nichushkin 6 (Alan Quine 6) at 4:23
2. Devils , Jonny Brodzinski 8 (Reid Boucher 4, Nicolas Roy 3) at 8:19
3. Devils , Darren Dietz 4 (Reid Boucher 5, Jonny Brodzinski 3) at 14:17
Penalties :
Vincent Desharnais (Bin) for Hooking (Minor) at 17:04
2nd period
4. Comets , Juho Lammikko 7 (Juuso Riikola 6) at 0:30
5. Comets , Ryan Lomberg 10 (Juuso Riikola 7, Dan Renouf 3) at 5:31
6. Devils , Alan Quine 3 (Conor Garland 3, Christian Wolanin 4) at 6:44
7. Devils , Reid Boucher 1 (Darren Dietz 15, Cristiano Digiacinto 2) at 6:57
8. Comets , Jean-Sebastien Dea 7 (Daniil Miromanov 1, Juho Lammikko 8) at 18:39
Penalties :
Alan Quine (Bin) for Cross-checking (Minor) at 0:33, Marcus Bjork (Bin) for Roughing (Minor) at 7:53, Phil Di Giuseppe (Uti) for Slashing (Minor) at 11:33
3rd period
9. Comets , William Lockwood 6 (William Lagesson 2, Charles Hudon 4) at 11:00
10. Comets , Charles Hudon 1 (William Lockwood 3, Adam Ollas-Mattsson 3) at 12:26
11. Devils , Reid Boucher 2 (Jonny Brodzinski 4) at 18:27
12. Devils , Alan Quine 4 (Darren Dietz 16, Ilya Lyubushkin 2) at 18:58
Penalties :
Juho Lammikko (Uti) for Delaying the game (Minor) at 0:42
Goalie Stats
Thatcher Demko (Uti), 9 saves from 13 shots - (0.692), 26:44 minutes
Casey DeSmith (Uti), 20 saves from 23 shots - (0.870), L, 2-4-1, 33:16 minutes
Juuse Saros (Bin), 39 saves from 44 shots - (0.886), W, 4-5-2, 60:00 minutes
Players Stats for Comets
Player Name G A P +/- PIM S H SB GA TA FO MP PP MP PK MP
------------------------------------------------------------------------------------
Adam Ollas-Mattsson 0 1 1 1 0 1 2 3 0 1 0/0 20:22 1:41 1:59
Charles Hudon 1 1 2 1 0 2 2 0 0 0 0/1 7:54 0:00 0:49
Curtis Lazar 0 0 0 -1 0 2 6 0 0 0 0/2 21:59 3:50 0:00
Dan Renouf 0 1 1 -3 0 2 2 2 0 0 0/0 30:59 4:16 1:59
Daniil Miromanov 0 1 1 0 0 2 0 0 0 0 0/0 8:39 0:00 0:00
Guillaume Brisebois 0 0 0 0 0 1 0 0 0 1 0/0 8:39 0:00 0:00
Jean-Sebastien Dea 1 0 1 -1 0 3 2 0 0 0 5/11 18:16 2:07 1:10
Juho Lammikko 1 1 2 -1 2 8 0 0 1 0 1/2 18:15 2:07 0:42
Juuso Riikola 0 2 2 -3 0 1 2 3 0 1 0/0 30:59 4:16 1:59
Lane Pederson 0 0 0 1 0 3 0 0 0 0 2/5 7:44 0:00 0:41
Mackenzie MacEachern 0 0 0 -1 0 2 3 0 0 0 0/0 9:43 0:00 0:00
Michael Joly 0 0 0 -1 0 2 0 2 0 0 0/0 9:29 0:00 0:00
Nicolas Petan 0 0 0 -1 0 1 2 1 1 0 19/43 24:01 3:50 2:00
Phil Di Giuseppe 0 0 0 -1 2 1 3 0 2 0 0/0 18:05 2:07 0:35
Ryan Lomberg 1 0 1 -1 0 4 0 0 0 0 4/5 24:02 3:50 1:59
Tyler Graovac 0 0 0 -1 0 1 2 0 1 0 5/7 9:29 0:00 0:00
William Lagesson 0 1 1 1 0 5 0 2 0 2 0/0 20:22 1:41 1:59
William Lockwood 1 1 2 1 0 3 0 0 0 0 1/1 7:03 0:00 0:00
Players Stats for Devils
Player Name G A P +/- PIM S H SB GA TA FO MP PP MP PK MP
------------------------------------------------------------------------------------
Alan Quine 2 1 3 1 2 4 2 2 2 0 18/35 21:30 2:10 2:30
Alexandre Texier 0 0 0 -1 0 4 1 0 1 0 0/1 13:45 0:01 0:00
Brett Howden 0 0 0 -1 0 2 0 2 0 1 6/13 14:21 0:01 0:00
Christian Wolanin 0 1 1 3 0 1 1 1 0 1 0/0 19:50 1:31 2:17
Conor Garland 0 1 1 1 0 3 1 0 0 0 3/4 22:32 2:10 0:00
Cristiano Digiacinto 0 1 1 2 0 0 0 1 0 0 1/1 19:14 1:47 1:56
Darren Dietz 1 2 3 1 0 4 1 3 1 1 0/0 25:31 2:27 3:40
Filip Roos 0 0 0 0 0 0 0 0 0 0 0/0 4:22 0:00 0:00
Ilya Lyubushkin 0 1 1 1 0 0 3 2 0 1 0/0 25:21 2:27 3:40
Jake Bean 0 0 0 3 0 1 0 3 0 1 0/0 19:44 1:31 2:17
Jonny Brodzinski 1 2 3 2 0 6 3 1 0 0 1/2 18:59 1:47 1:18
Marcus Bjork 0 0 0 -2 2 0 2 0 0 0 0/0 10:35 0:00 0:00
Nicolas Roy 0 1 1 0 0 0 1 0 0 0 2/4 5:08 0:00 0:47
Reid Boucher 2 2 4 2 0 3 3 1 0 0 7/14 18:42 1:47 1:22
Tim Gettinger 0 0 0 -1 0 2 1 0 0 0 0/1 13:40 0:01 0:29
Valeri Nichushkin 1 0 1 1 0 6 3 0 1 0 2/2 25:45 2:10 3:32
Vincent Desharnais 0 0 0 0 2 0 0 1 0 0 0/0 4:28 0:00 0:00
Wyatt Kalynuk 0 0 0 -2 0 0 0 0 0 0 0/0 10:33 0:00 0:00
3 Stars
1 - Reid Boucher (Bin)
2 - Jonny Brodzinski (Bin)
3 - Alan Quine (Bin)
Power Play
Comets - 0 on 3 Attempt(s) - 0.00%
Devils - 0 on 2 Attempt(s) - 0.00%
Penalty Kill
Comets - 2 on 2 Attempt(s) - 100.00%
- Score 0 goal in Penalty Kill
Devils - 3 on 3 Attempt(s) - 100.00%
- Score 0 goal in Penalty Kill
Team Stat
Comets - Hits : 26 - Faceoff Wins : 37 - Blocked Shots : 13 - Penalty Minutes : 4
Devils - Hits : 22 - Faceoff Wins : 40 - Blocked Shots : 17 - Penalty Minutes : 6
Official
Referees : Kyle Rehman and Furman South
Linesman : Michel Cormier and Devin Berg
Game Notes
Casey DeSmith enters game at 6:44 of 2nd period
Finance
Level 1 -- Attendance: 1858 (92.90%) -- Ticket Income $130,060
Level 2 -- Attendance: 917 (91.70%) -- Ticket Income $36,680
Total Attendance: 2775 (92.50%)
Total Ticket Income: $166,740
Other Income: $8,337
Total Income: $175,077
Comets
5 vs 5 Forward
Center Left Wing Right Wing Time % Phy DF OF
1 Nicolas Petan Ryan Lomberg Curtis Lazar 55 1 2 2
2 Jean-Sebastien Dea Phil Di Giuseppe Juho Lammikko 30 1 2 2
3 Tyler Graovac Mackenzie MacEachern Michael Joly 10 1 2 2
4 Lane Pederson Charles Hudon William Lockwood 5 1 2 2
5 vs 5 Defense
Defense Defense Time % Phy DF OF
1 Juuso Riikola Dan Renouf 55 1 2 2
2 Adam Ollas-Mattsson William Lagesson 30 1 2 2
3 Guillaume Brisebois Daniil Miromanov 10 1 2 2
4 Juuso Riikola Dan Renouf 5 1 2 2
PowerPlay Forward
Center Left Wing Right Wing Time % Phy DF OF
1 Nicolas Petan Ryan Lomberg Curtis Lazar 60 1 2 2
2 Jean-Sebastien Dea Phil Di Giuseppe Juho Lammikko 40 1 2 2
PowerPlay Defense
Defense Defense Time % Phy DF OF
1 Juuso Riikola Dan Renouf 60 1 2 2
2 Adam Ollas-Mattsson William Lagesson 40 1 2 2
Penalty Kill 4 Players Forward
Center Wing Time % Phy DF OF
1 Nicolas Petan Ryan Lomberg 60 1 2 2
2 Jean-Sebastien Dea Phil Di Giuseppe 40 1 2 2
Penalty Kill 4 Players Defense
Defense Defense Time % Phy DF OF
1 Juuso Riikola Dan Renouf 60 1 2 2
2 Adam Ollas-Mattsson William Lagesson 40 1 2 2
Penalty Kill - 3 Players Forward
Forward Time % Phy DF OF
1 Nicolas Petan 60 1 2 2
2 Jean-Sebastien Dea 40 1 2 2
Penalty Kill - 3 Players Defense
Defense Defense Time % Phy DF OF
1 Juuso Riikola Dan Renouf 60 1 2 2
2 Adam Ollas-Mattsson William Lagesson 40 1 2 2
4 vs 4 Forward
Center Wing Time % Phy DF OF
1 Nicolas Petan Ryan Lomberg 60 1 2 2
2 Jean-Sebastien Dea Phil Di Giuseppe 40 1 2 2
4 vs 4 Defense
Defense Defense Time % Phy DF OF
1 Juuso Riikola Dan Renouf 60 1 2 2
2 Adam Ollas-Mattsson William Lagesson 40 1 2 2
Last Minutes Offensive
Center Left Wing Right Wing Defense Defense
Nicolas Petan Ryan Lomberg Curtis Lazar Juuso Riikola Dan Renouf
Last Minutes Defensive
Center Left Wing Right Wing Defense Defense
Nicolas Petan Ryan Lomberg Curtis Lazar Juuso Riikola Dan Renouf
Goaltenders
Starting : Thatcher Demko
Backup : Casey DeSmith
Extra Forwards
Normal : Juho Lammikko, Phil Di Giuseppe, Mackenzie MacEachern - PP : Juho Lammikko, Phil Di Giuseppe - PK : Juho Lammikko
Extra Defensemen
Normal : William Lagesson, Guillaume Brisebois, Daniil Miromanov - PP : William Lagesson - PK : William Lagesson, Guillaume Brisebois
Penalty Shots
Curtis Lazar, Ryan Lomberg, Nicolas Petan, Jean-Sebastien Dea, Juho Lammikko
Custom OT Lines Forwards
Curtis Lazar, Ryan Lomberg, Nicolas Petan, Jean-Sebastien Dea, Juho Lammikko, Phil Di Giuseppe, Mackenzie MacEachern, Charles Hudon, Michael Joly, Tyler Graovac
Custom OT Lines Defensemen
Juuso Riikola, Dan Renouf, Adam Ollas-Mattsson, William Lagesson, Guillaume Brisebois
Scratches
Anton Zlobin (Healthy), Daniel Zaar (Healthy), Jaret Anderson-Dolan (Healthy), Brandon Saigeon (Healthy), Jay O'Brien (Healthy)
Jack Rathbone (Healthy), Michael Kesselring (Healthy), Scott Harrington (Healthy), Vladislav Gavrikov (Healthy), Trevor Moore (Healthy)
Rasmus Asplund (Healthy), Marek Langhamer (Healthy), Michael Dipietro (Healthy)
Devils
5 vs 5 Forward
Center Left Wing Right Wing Time % Phy DF OF
1 Alan Quine Valeri Nichushkin Conor Garland 36 0 2 3
2 Reid Boucher Cristiano Digiacinto Jonny Brodzinski 30 0 2 3
3 Brett Howden Tim Gettinger Alexandre Texier 20 0 2 3
4 Nicolas Roy Valeri Nichushkin Conor Garland 14 0 2 3
5 vs 5 Defense
Defense Defense Time % Phy DF OF
1 Darren Dietz Ilya Lyubushkin 40 0 3 2
2 Christian Wolanin Jake Bean 30 0 3 2
3 Wyatt Kalynuk Marcus Bjork 20 0 3 2
4 Vincent Desharnais Filip Roos 10 0 3 2
PowerPlay Forward
Center Left Wing Right Wing Time % Phy DF OF
1 Alan Quine Valeri Nichushkin Conor Garland 60 0 1 4
2 Reid Boucher Cristiano Digiacinto Jonny Brodzinski 40 0 1 4
PowerPlay Defense
Defense Defense Time % Phy DF OF
1 Darren Dietz Ilya Lyubushkin 60 0 2 3
2 Christian Wolanin Jake Bean 40 0 2 3
Penalty Kill 4 Players Forward
Center Wing Time % Phy DF OF
1 Alan Quine Valeri Nichushkin 60 1 3 1
2 Reid Boucher Cristiano Digiacinto 40 1 3 1
Penalty Kill 4 Players Defense
Defense Defense Time % Phy DF OF
1 Darren Dietz Ilya Lyubushkin 60 1 4 0
2 Christian Wolanin Jake Bean 40 1 4 0
Penalty Kill - 3 Players Forward
Forward Time % Phy DF OF
1 Alan Quine 60 0 4 1
2 Reid Boucher 40 0 4 1
Penalty Kill - 3 Players Defense
Defense Defense Time % Phy DF OF
1 Darren Dietz Ilya Lyubushkin 60 0 5 0
2 Christian Wolanin Jake Bean 40 0 5 0
4 vs 4 Forward
Center Wing Time % Phy DF OF
1 Alan Quine Valeri Nichushkin 60 0 2 3
2 Reid Boucher Cristiano Digiacinto 40 0 2 3
4 vs 4 Defense
Defense Defense Time % Phy DF OF
1 Darren Dietz Ilya Lyubushkin 60 0 3 2
2 Christian Wolanin Jake Bean 40 0 3 2
Last Minutes Offensive
Center Left Wing Right Wing Defense Defense
Alan Quine Valeri Nichushkin Conor Garland Darren Dietz Ilya Lyubushkin
Last Minutes Defensive
Center Left Wing Right Wing Defense Defense
Alan Quine Valeri Nichushkin Conor Garland Darren Dietz Ilya Lyubushkin
Goaltenders
Starting : Juuse Saros
Backup : Jordan Binnington
Extra Forwards
Normal : Jonny Brodzinski, Brett Howden, Alexandre Texier - PP : Jonny Brodzinski, Brett Howden - PK : Jonny Brodzinski
Extra Defensemen
Normal : Marcus Bjork, Vincent Desharnais, Filip Roos - PP : Marcus Bjork - PK : Marcus Bjork, Vincent Desharnais
Penalty Shots
Valeri Nichushkin, Conor Garland, Alan Quine, Reid Boucher, Jonny Brodzinski
Custom OT Lines Forwards
Valeri Nichushkin, Conor Garland, Alan Quine, Reid Boucher, Jonny Brodzinski, Brett Howden, Alexandre Texier, Cristiano Digiacinto, Nicolas Roy, Tim Gettinger
Custom OT Lines Defensemen
Darren Dietz, Ilya Lyubushkin, Christian Wolanin, Jake Bean, Wyatt Kalynuk
Scratches
Brett Seney (Left Knee Injury), Eeli Tolvanen (Back Injury), Mason Marchment (Fractured Metatarsal (Right Foot) Injury), Akira Schmid (Sore Right Knee Injury)
% Time on Ice - Comets
Lines # - Real PCT - Wanted PCT - Time Play
Normal Forward
1 - 37% - 55% - 18:23
2 - 30% - 30% - 14:59
3 - 19% - 10% - 9:29
4 - 14% - 5% - 7:03
Normal Defense
1 - 48% - 55% - 23:54
2 - 33% - 30% - 16:42
3 - 17% - 10% - 8:39
4 - 1% - 5% - 0:39
PP Forward
1 - 64% - 60% - 3:50
2 - 36% - 40% - 2:07
PP Defense
1 - 72% - 60% - 4:16
2 - 28% - 40% - 1:41
PK Forward
1 - 71% - 60% - 2:48
2 - 29% - 40% - 1:10
PK Defense
1 - 50% - 60% - 1:59
2 - 50% - 40% - 1:59
PK3 Forward
1 - 0% - 60%
2 - 0% - 40%
PK3 Defense
1 - 0% - 60%
2 - 0% - 40%
44 Forward
1 - 0% - 60%
2 - 0% - 40%
44 Defense
1 - 0% - 60%
2 - 0% - 40%
Last Minute Offensive - 0:11
Last Minute Defensive - 0:00
Total
Forward - 60:00
Defense - 60:00
|
% Time on Ice - Devils
Lines # - Real PCT - Wanted PCT - Time Play
Normal Forward
1 - 34% - 36% - 17:01
2 - 33% - 30% - 16:19
3 - 25% - 20% - 12:31
4 - 8% - 14% - 4:06
Normal Defense
1 - 38% - 40% - 19:06
2 - 32% - 30% - 15:56
3 - 21% - 20% - 10:33
4 - 9% - 10% - 4:22
PP Forward
1 - 55% - 60% - 2:11
2 - 45% - 40% - 1:47
PP Defense
1 - 62% - 60% - 2:27
2 - 38% - 40% - 1:31
PK Forward
1 - 81% - 60% - 4:48
2 - 19% - 40% - 1:09
PK Defense
1 - 62% - 60% - 3:40
2 - 38% - 40% - 2:17
PK3 Forward
1 - 0% - 60%
2 - 0% - 40%
PK3 Defense
1 - 0% - 60%
2 - 0% - 40%
44 Forward
1 - 0% - 60%
2 - 0% - 40%
44 Defense
1 - 0% - 60%
2 - 0% - 40%
Last Minute Offensive - 0:00
Last Minute Defensive - 0:08
Total
Forward - 60:00
Defense - 60:00
|
Play-by-Play
1st period
0:01 of 1st period - Ryan Lomberg wins face-off versus Alan Quine in neutral zone.
0:26 of 1st period - Juho Lammikko is hit by Jonny Brodzinski and loses puck.
0:49 of 1st period - Slapshot by Darren Dietz.
0:49 of 1st period - Deflect By Alexandre Texier.
0:49 of 1st period - Shot Misses the Net.
0:49 of 1st period - Puck is out of play.
0:50 of 1st period - Nicolas Petan wins face-off versus Brett Howden in Comets zone.
0:50 of 1st period - Nicolas Petan is hit by Christian Wolanin.
1:15 of 1st period - Daniil Miromanov is hit by Valeri Nichushkin and loses puck.
1:40 of 1st period - Wrist shot by Mackenzie MacEachern.
1:40 of 1st period - Shot Blocked by Jake Bean.
4:13 of 1st period - Wrist shot by William Lockwood.
4:13 of 1st period - Shot Misses the Net.
4:15 of 1st period - Slapshot by William Lagesson.
4:15 of 1st period - Stopped by Juuse Saros without a rebound.
4:16 of 1st period - Alan Quine wins face-off versus Lane Pederson in Devils zone.
4:23 of 1st period - Slapshot by Valeri Nichushkin.
4:23 of 1st period - Goal by Valeri Nichushkin - Comets : 0 - Devils : 1.
4:24 of 1st period - Conor Garland wins face-off versus Nicolas Petan in neutral zone.
4:41 of 1st period - Juuso Riikola is hit by Valeri Nichushkin.
5:02 of 1st period - Ilya Lyubushkin is hit by Phil Di Giuseppe and loses puck.
5:28 of 1st period - Jake Bean is hit by Tyler Graovac.
5:44 of 1st period - Wrist shot by Valeri Nichushkin.
5:44 of 1st period - Stopped by Thatcher Demko without a rebound.
5:45 of 1st period - Nicolas Petan wins face-off versus Alan Quine in Comets zone.
5:54 of 1st period - Snap shot by Ryan Lomberg.
5:54 of 1st period - Stopped by Juuse Saros without a rebound.
5:55 of 1st period - Nicolas Petan wins face-off versus Alan Quine in Devils zone.
5:56 of 1st period - Slapshot by Curtis Lazar.
5:56 of 1st period - Shot Misses the Net.
6:47 of 1st period - Wrist shot by Alan Quine.
6:47 of 1st period - Deflect By Conor Garland.
6:47 of 1st period - Shot Misses the Net.
6:47 of 1st period - Puck is out of play.
6:48 of 1st period - Nicolas Petan wins face-off versus Reid Boucher in Comets zone.
6:53 of 1st period - Ilya Lyubushkin is hit by Curtis Lazar and loses puck.
7:25 of 1st period - Wrist shot by Reid Boucher.
7:25 of 1st period - Shot Misses the Net.
7:27 of 1st period - Slapshot by Jonny Brodzinski.
7:27 of 1st period - Stopped by Thatcher Demko without a rebound.
7:28 of 1st period - Ryan Lomberg wins face-off versus Alexandre Texier in Comets zone.
7:30 of 1st period - Icing by Nicolas Petan.
7:31 of 1st period - Brett Howden wins face-off versus Nicolas Petan in Comets zone.
7:34 of 1st period - Snap shot by Alexandre Texier.
7:34 of 1st period - Shot Blocked by Juuso Riikola.
7:36 of 1st period - Wrist shot by Brett Howden.
7:36 of 1st period - Shot Misses the Net.
8:19 of 1st period - Wrist shot by Jonny Brodzinski.
8:19 of 1st period - Goal by Jonny Brodzinski - Comets : 0 - Devils : 2.
8:20 of 1st period - Alan Quine wins face-off versus Nicolas Petan in neutral zone.
8:25 of 1st period - Snap shot by Valeri Nichushkin.
8:25 of 1st period - Shot Misses the Net.
8:27 of 1st period - Slapshot by Ilya Lyubushkin.
8:27 of 1st period - Shot Misses the Net.
8:29 of 1st period - Snap shot by Valeri Nichushkin.
8:29 of 1st period - Stopped by Thatcher Demko with a rebound.
8:35 of 1st period - Snap shot by Valeri Nichushkin.
8:35 of 1st period - Stopped by Thatcher Demko without a rebound.
8:36 of 1st period - Reid Boucher wins face-off versus Jean-Sebastien Dea in Comets zone.
8:37 of 1st period - Snap shot by Jonny Brodzinski.
8:37 of 1st period - Stopped by Thatcher Demko with a rebound.
8:52 of 1st period - Snap shot by Phil Di Giuseppe.
8:52 of 1st period - Stopped by Juuse Saros with a rebound.
9:02 of 1st period - Juuso Riikola is hit by Alan Quine and loses puck.
10:02 of 1st period - Wrist shot by Jean-Sebastien Dea.
10:02 of 1st period - Deflect By Phil Di Giuseppe.
10:02 of 1st period - Shot Misses the Net.
10:02 of 1st period - Puck is out of play.
10:03 of 1st period - Cristiano Digiacinto wins face-off versus Nicolas Petan in Devils zone.
10:28 of 1st period - Dan Renouf is hit by Ilya Lyubushkin and loses puck.
10:37 of 1st period - Wrist shot by Alan Quine.
10:37 of 1st period - Shot Misses the Net.
10:53 of 1st period - Dan Renouf is hit by Alexandre Texier and loses puck.
11:16 of 1st period - Slapshot by Dan Renouf.
11:16 of 1st period - Stopped by Juuse Saros with a rebound.
11:26 of 1st period - Snap shot by Valeri Nichushkin.
11:26 of 1st period - Shot Misses the Net.
11:28 of 1st period - Snap shot by Conor Garland.
11:28 of 1st period - Stopped by Thatcher Demko with a rebound.
11:30 of 1st period - Backhand shot by Conor Garland.
11:30 of 1st period - Stopped by Thatcher Demko without a rebound.
11:31 of 1st period - Nicolas Petan wins face-off versus Nicolas Roy in Comets zone.
11:41 of 1st period - Ryan Lomberg is hit by Nicolas Roy and loses puck.
12:29 of 1st period - Cristiano Digiacinto is hit by Phil Di Giuseppe and loses puck.
12:34 of 1st period - Wrist shot by Phil Di Giuseppe.
12:34 of 1st period - Shot Misses the Net.
12:40 of 1st period - Slapshot by Juho Lammikko.
12:40 of 1st period - Stopped by Juuse Saros with a rebound.
12:42 of 1st period - Snap shot by Juho Lammikko.
12:42 of 1st period - Stopped by Juuse Saros with a rebound.
12:50 of 1st period - Wrist shot by Phil Di Giuseppe.
12:50 of 1st period - Shot Blocked by Cristiano Digiacinto.
12:54 of 1st period - Slapshot by Juho Lammikko.
12:54 of 1st period - Stopped by Juuse Saros with a rebound.
12:56 of 1st period - Slapshot by Daniil Miromanov.
12:56 of 1st period - Deflect By Juho Lammikko.
12:56 of 1st period - Shot Blocked by Jake Bean.
12:56 of 1st period - Puck is out of play.
12:57 of 1st period - Alan Quine wins face-off versus Nicolas Petan in Devils zone.
13:24 of 1st period - Icing by Wyatt Kalynuk.
13:25 of 1st period - Tyler Graovac wins face-off versus Brett Howden in Devils zone.
13:40 of 1st period - Slapshot by Darren Dietz.
13:40 of 1st period - Shot Misses the Net.
13:42 of 1st period - Snap shot by Brett Howden.
13:42 of 1st period - Deflect By Alexandre Texier.
13:42 of 1st period - Shot Misses the Net.
13:42 of 1st period - Puck is out of play.
13:43 of 1st period - Conor Garland wins face-off versus Nicolas Petan in Comets zone.
13:44 of 1st period - Wrist shot by Alan Quine.
13:44 of 1st period - Shot Misses the Net.
14:15 of 1st period - Backhand shot by Reid Boucher.
14:15 of 1st period - Shot Misses the Net.
14:17 of 1st period - Snap shot by Darren Dietz.
14:17 of 1st period - Goal by Darren Dietz - Comets : 0 - Devils : 3.
14:18 of 1st period - Alan Quine wins face-off versus Ryan Lomberg in neutral zone.
14:43 of 1st period - Dan Renouf is hit by Reid Boucher and loses puck.
15:01 of 1st period - Icing by William Lagesson.
15:02 of 1st period - Brett Howden wins face-off versus Jean-Sebastien Dea in Comets zone.
15:50 of 1st period - Snap shot by Alexandre Texier.
15:50 of 1st period - Deflect By Tim Gettinger.
15:50 of 1st period - Shot Misses the Net.
15:50 of 1st period - Puck is out of play.
15:51 of 1st period - Tyler Graovac wins face-off versus Brett Howden in Comets zone.
16:24 of 1st period - Slapshot by Tyler Graovac.
16:24 of 1st period - Shot Blocked by Brett Howden.
16:27 of 1st period - Icing by Vincent Desharnais.
16:28 of 1st period - Brett Howden wins face-off versus Nicolas Petan in Devils zone.
16:28 of 1st period - Brett Howden is hit by Curtis Lazar.
16:52 of 1st period - Brett Howden is hit by Adam Ollas-Mattsson and loses puck.
17:04 of 1st period - Minor Penalty to Vincent Desharnais for Hooking.
17:05 of 1st period - Alan Quine wins face-off versus Nicolas Petan in Devils zone.
17:15 of 1st period - Snap shot by Curtis Lazar.
17:15 of 1st period - Deflect By Ryan Lomberg.
17:15 of 1st period - Shot Blocked by Darren Dietz.
17:15 of 1st period - Puck is out of play.
17:16 of 1st period - Alan Quine wins face-off versus Nicolas Petan in Devils zone.
17:28 of 1st period - Icing by Curtis Lazar.
17:29 of 1st period - Nicolas Petan wins face-off versus Alan Quine in Comets zone.
18:06 of 1st period - Icing by Juuso Riikola.
18:07 of 1st period - Ryan Lomberg wins face-off versus Reid Boucher in Comets zone.
18:56 of 1st period - Wrist shot by Nicolas Petan.
18:56 of 1st period - Stopped by Juuse Saros without a rebound.
18:57 of 1st period - Jean-Sebastien Dea wins face-off versus Alan Quine in Devils zone.
19:04 of 1st period - Penalty to Vincent Desharnais is over, Vincent Desharnais is back on ice.
19:08 of 1st period - Wrist shot by Juho Lammikko.
19:08 of 1st period - Stopped by Juuse Saros with a rebound.
19:10 of 1st period - Snap shot by William Lagesson.
19:10 of 1st period - Stopped by Juuse Saros without a rebound.
19:11 of 1st period - Jean-Sebastien Dea wins face-off versus Reid Boucher in Devils zone.
19:36 of 1st period - Darren Dietz is hit by Charles Hudon and loses puck.
Goals for this period are 0 for Comets vs 3 for Devils.
Shots for this period are 10 for Comets vs 10 for Devils.
2nd period
0:01 of 2nd period - Alan Quine wins face-off versus Nicolas Petan in neutral zone.
0:04 of 2nd period - Curtis Lazar is hit by Ilya Lyubushkin and loses puck.
0:25 of 2nd period - Cristiano Digiacinto is hit by Phil Di Giuseppe and loses puck.
0:30 of 2nd period - Slapshot by Juho Lammikko.
0:30 of 2nd period - Goal by Juho Lammikko - Comets : 1 - Devils : 3.
0:31 of 2nd period - Alan Quine wins face-off versus Curtis Lazar in neutral zone.
0:33 of 2nd period - Minor Penalty to Alan Quine for Cross-checking.
0:34 of 2nd period - Jonny Brodzinski wins face-off versus Nicolas Petan in Devils zone.
2:33 of 2nd period - Penalty to Alan Quine is over, Alan Quine is back on ice.
2:40 of 2nd period - Brett Howden is hit by Mackenzie MacEachern and loses puck.
3:11 of 2nd period - Snap shot by Daniil Miromanov.
3:11 of 2nd period - Stopped by Juuse Saros without a rebound.
3:12 of 2nd period - Lane Pederson wins face-off versus Alan Quine in Devils zone.
3:19 of 2nd period - Slapshot by Jake Bean.
3:19 of 2nd period - Shot Misses the Net.
3:21 of 2nd period - Wrist shot by Conor Garland.
3:21 of 2nd period - Shot Blocked by Adam Ollas-Mattsson.
3:23 of 2nd period - Wrist shot by Alan Quine.
3:23 of 2nd period - Shot Misses the Net.
3:25 of 2nd period - Snap shot by Jake Bean.
3:25 of 2nd period - Shot Blocked by William Lagesson.
3:27 of 2nd period - Slapshot by Jake Bean.
3:27 of 2nd period - Shot Blocked by William Lagesson.
3:37 of 2nd period - Jake Bean is hit by Curtis Lazar.
3:44 of 2nd period - Jake Bean is hit by Juuso Riikola and loses puck.
4:01 of 2nd period - Jake Bean is hit by Juuso Riikola.
4:54 of 2nd period - Slapshot by Juuso Riikola.
4:54 of 2nd period - Stopped by Juuse Saros without a rebound.
4:55 of 2nd period - William Lockwood wins face-off versus Brett Howden in Devils zone.
5:29 of 2nd period - Slapshot by Dan Renouf.
5:29 of 2nd period - Shot Misses the Net.
5:31 of 2nd period - Slapshot by Juuso Riikola.
5:31 of 2nd period - Deflect By Ryan Lomberg.
5:31 of 2nd period - Goal by Ryan Lomberg - Comets : 2 - Devils : 3.
5:32 of 2nd period - Nicolas Petan wins face-off versus Alan Quine in neutral zone.
6:00 of 2nd period - Wrist shot by Jonny Brodzinski.
6:00 of 2nd period - Shot Misses the Net.
6:02 of 2nd period - Snap shot by Darren Dietz.
6:02 of 2nd period - Stopped by Thatcher Demko without a rebound.
6:03 of 2nd period - Reid Boucher wins face-off versus Jean-Sebastien Dea in Comets zone.
6:04 of 2nd period - Slapshot by Jake Bean.
6:04 of 2nd period - Stopped by Thatcher Demko without a rebound.
6:05 of 2nd period - Alan Quine wins face-off versus Jean-Sebastien Dea in Comets zone.
6:24 of 2nd period - Snap shot by Phil Di Giuseppe.
6:24 of 2nd period - Shot Blocked by Alan Quine.
6:30 of 2nd period - Wrist shot by Juho Lammikko.
6:30 of 2nd period - Stopped by Juuse Saros with a rebound.
6:44 of 2nd period - Wrist shot by Alan Quine.
6:44 of 2nd period - Goal by Alan Quine - Comets : 2 - Devils : 4.
6:44 of 2nd period - Casey DeSmith enters game.
6:45 of 2nd period - Nicolas Petan wins face-off versus Reid Boucher in neutral zone.
6:48 of 2nd period - Cristiano Digiacinto is hit by Curtis Lazar and loses puck.
6:57 of 2nd period - Wrist shot by Reid Boucher.
6:57 of 2nd period - Goal by Reid Boucher - Comets : 2 - Devils : 5.
6:58 of 2nd period - Valeri Nichushkin wins face-off versus Nicolas Petan in neutral zone.
7:23 of 2nd period - Juho Lammikko is hit by Reid Boucher and loses puck.
7:34 of 2nd period - Snap shot by Reid Boucher.
7:34 of 2nd period - Shot Blocked by Dan Renouf.
7:48 of 2nd period - Wrist shot by Brett Howden.
7:48 of 2nd period - Stopped by Casey DeSmith without a rebound.
7:49 of 2nd period - Alan Quine wins face-off versus Tyler Graovac in Comets zone.
7:53 of 2nd period - Minor Penalty to Marcus Bjork for Roughing.
7:54 of 2nd period - Alan Quine wins face-off versus Nicolas Petan in Devils zone.
9:31 of 2nd period - Snap shot by Ilya Lyubushkin.
9:31 of 2nd period - Shot Blocked by Juuso Riikola.
9:53 of 2nd period - Penalty to Marcus Bjork is over, Marcus Bjork is back on ice.
10:03 of 2nd period - Slapshot by Jonny Brodzinski.
10:03 of 2nd period - Shot Blocked by Michael Joly.
10:08 of 2nd period - Off-side.
10:09 of 2nd period - Nicolas Roy wins face-off versus Lane Pederson in neutral zone.
11:22 of 2nd period - Phil Di Giuseppe is hit by Reid Boucher and loses puck.
11:33 of 2nd period - Minor Penalty to Phil Di Giuseppe for Slashing.
11:34 of 2nd period - Alan Quine wins face-off versus Nicolas Petan in Comets zone.
11:37 of 2nd period - Wrist shot by Alan Quine.
11:37 of 2nd period - Stopped by Casey DeSmith without a rebound.
11:38 of 2nd period - Conor Garland wins face-off versus Nicolas Petan in Comets zone.
11:47 of 2nd period - Slapshot by Alan Quine.
11:47 of 2nd period - Shot Blocked by Dan Renouf.
13:10 of 2nd period - Darren Dietz is hit by Dan Renouf and loses puck.
13:17 of 2nd period - Juuso Riikola is hit by Valeri Nichushkin and loses puck.
13:33 of 2nd period - Penalty to Phil Di Giuseppe is over, Phil Di Giuseppe is back on ice.
13:38 of 2nd period - Slapshot by Adam Ollas-Mattsson.
13:38 of 2nd period - Stopped by Juuse Saros without a rebound.
13:39 of 2nd period - Tyler Graovac wins face-off versus Brett Howden in Devils zone.
13:42 of 2nd period - Wrist shot by Mackenzie MacEachern.
13:42 of 2nd period - Stopped by Juuse Saros with a rebound.
13:50 of 2nd period - Snap shot by Mackenzie MacEachern.
13:50 of 2nd period - Shot Blocked by Brett Howden.
14:04 of 2nd period - Tyler Graovac is hit by Marcus Bjork and loses puck.
14:29 of 2nd period - Snap shot by Nicolas Petan.
14:29 of 2nd period - Shot Misses the Net.
14:53 of 2nd period - Wrist shot by Juho Lammikko.
14:53 of 2nd period - Shot Misses the Net.
14:55 of 2nd period - Backhand shot by Guillaume Brisebois.
14:55 of 2nd period - Stopped by Juuse Saros without a rebound.
14:56 of 2nd period - Alan Quine wins face-off versus Jean-Sebastien Dea in Devils zone.
15:03 of 2nd period - Wrist shot by Conor Garland.
15:03 of 2nd period - Shot Misses the Net.
15:19 of 2nd period - Jonny Brodzinski is hit by Curtis Lazar and loses puck.
15:45 of 2nd period - Icing by Ilya Lyubushkin.
15:46 of 2nd period - Jean-Sebastien Dea wins face-off versus Brett Howden in Devils zone.
15:49 of 2nd period - Wrist shot by Juho Lammikko.
15:49 of 2nd period - Deflect By Jean-Sebastien Dea.
15:49 of 2nd period - Stopped by Juuse Saros with a rebound.
16:00 of 2nd period - Snap shot by Alexandre Texier.
16:00 of 2nd period - Stopped by Casey DeSmith with a rebound.
16:27 of 2nd period - Slapshot by Darren Dietz.
16:27 of 2nd period - Deflect By Alan Quine.
16:27 of 2nd period - Shot Misses the Net.
16:27 of 2nd period - Puck is out of play.
16:28 of 2nd period - Reid Boucher wins face-off versus Nicolas Petan in Comets zone.
16:29 of 2nd period - Snap shot by Jonny Brodzinski.
16:29 of 2nd period - Stopped by Casey DeSmith with a rebound.
16:31 of 2nd period - Slapshot by Christian Wolanin.
16:31 of 2nd period - Stopped by Casey DeSmith with a rebound.
16:53 of 2nd period - Alan Quine is hit by Tyler Graovac and loses puck.
17:02 of 2nd period - Wrist shot by Conor Garland.
17:02 of 2nd period - Stopped by Casey DeSmith without a rebound.
17:03 of 2nd period - Reid Boucher wins face-off versus Nicolas Petan in Comets zone.
17:08 of 2nd period - Snap shot by Cristiano Digiacinto.
17:08 of 2nd period - Shot Blocked by Juuso Riikola.
17:20 of 2nd period - Jonny Brodzinski is hit by Dan Renouf and loses puck.
17:31 of 2nd period - Snap shot by Juho Lammikko.
17:31 of 2nd period - Stopped by Juuse Saros without a rebound.
17:32 of 2nd period - Jean-Sebastien Dea wins face-off versus Alan Quine in Devils zone.
18:07 of 2nd period - Wrist shot by Phil Di Giuseppe.
18:07 of 2nd period - Shot Misses the Net.
18:09 of 2nd period - Slapshot by Juuso Riikola.
18:09 of 2nd period - Shot Misses the Net.
18:11 of 2nd period - Slapshot by Juuso Riikola.
18:11 of 2nd period - Shot Misses the Net.
18:13 of 2nd period - Slapshot by Jean-Sebastien Dea.
18:13 of 2nd period - Shot Misses the Net.
18:15 of 2nd period - Snap shot by Juho Lammikko.
18:15 of 2nd period - Shot Blocked by Darren Dietz.
18:29 of 2nd period - Snap shot by Juho Lammikko.
18:29 of 2nd period - Shot Blocked by Ilya Lyubushkin.
18:31 of 2nd period - Snap shot by Phil Di Giuseppe.
18:31 of 2nd period - Shot Misses the Net.
18:33 of 2nd period - Snap shot by Jean-Sebastien Dea.
18:33 of 2nd period - Stopped by Juuse Saros with a rebound.
18:35 of 2nd period - Snap shot by Juho Lammikko.
18:35 of 2nd period - Shot Misses the Net.
18:37 of 2nd period - Slapshot by Daniil Miromanov.
18:37 of 2nd period - Stopped by Juuse Saros with a rebound.
18:39 of 2nd period - Snap shot by Jean-Sebastien Dea.
18:39 of 2nd period - Goal by Jean-Sebastien Dea - Comets : 3 - Devils : 5.
18:40 of 2nd period - Reid Boucher wins face-off versus Nicolas Petan in neutral zone.
18:47 of 2nd period - Snap shot by Cristiano Digiacinto.
18:47 of 2nd period - Shot Misses the Net.
19:06 of 2nd period - Charles Hudon is hit by Tim Gettinger and loses puck.
19:43 of 2nd period - Slapshot by Michael Joly.
19:43 of 2nd period - Stopped by Juuse Saros with a rebound.
19:53 of 2nd period - Ryan Lomberg is hit by Jonny Brodzinski and loses puck.
Goals for this period are 3 for Comets vs 2 for Devils.
Shots for this period are 14 for Comets vs 10 for Devils.
3rd period
0:01 of 3rd period - Valeri Nichushkin wins face-off versus Nicolas Petan in neutral zone.
0:01 of 3rd period - Valeri Nichushkin is hit by Nicolas Petan.
0:36 of 3rd period - Ilya Lyubushkin is hit by Jean-Sebastien Dea.
0:42 of 3rd period - Minor Penalty to Juho Lammikko for Delaying the game.
0:43 of 3rd period - Nicolas Petan wins face-off versus Alan Quine in Comets zone.
0:54 of 3rd period - Wrist shot by Nicolas Petan.
0:54 of 3rd period - Shot Blocked by Ilya Lyubushkin.
1:54 of 3rd period - Slapshot by William Lagesson.
1:54 of 3rd period - Stopped by Juuse Saros with a rebound.
2:34 of 3rd period - Christian Wolanin is hit by Adam Ollas-Mattsson and loses puck.
2:42 of 3rd period - Penalty to Juho Lammikko is over, Juho Lammikko is back on ice.
2:51 of 3rd period - Icing by Jake Bean.
2:52 of 3rd period - Tyler Graovac wins face-off versus Brett Howden in Devils zone.
3:20 of 3rd period - Tim Gettinger is hit by Mackenzie MacEachern and loses puck.
3:43 of 3rd period - Snap shot by Tyler Graovac.
3:43 of 3rd period - Stopped by Juuse Saros with a rebound.
3:45 of 3rd period - Slapshot by Mackenzie MacEachern.
3:45 of 3rd period - Stopped by Juuse Saros with a rebound.
3:47 of 3rd period - Wrist shot by Mackenzie MacEachern.
3:47 of 3rd period - Shot Misses the Net.
3:49 of 3rd period - Slapshot by William Lagesson.
3:49 of 3rd period - Shot Blocked by Jake Bean.
3:51 of 3rd period - Wrist shot by Michael Joly.
3:51 of 3rd period - Stopped by Juuse Saros without a rebound.
3:52 of 3rd period - Alan Quine wins face-off versus Nicolas Petan in Devils zone.
4:28 of 3rd period - Wrist shot by Reid Boucher.
4:28 of 3rd period - Stopped by Casey DeSmith without a rebound.
4:29 of 3rd period - Nicolas Petan wins face-off versus Alan Quine in Comets zone.
4:35 of 3rd period - Backhand shot by Dan Renouf.
4:35 of 3rd period - Deflect By Valeri Nichushkin.
4:35 of 3rd period - Stopped by Juuse Saros with a rebound.
4:41 of 3rd period - Slapshot by Ryan Lomberg.
4:41 of 3rd period - Shot Blocked by Alan Quine.
4:43 of 3rd period - Snap shot by Curtis Lazar.
4:43 of 3rd period - Shot Misses the Net.
5:00 of 3rd period - Wrist shot by Jonny Brodzinski.
5:00 of 3rd period - Stopped by Casey DeSmith with a rebound.
5:14 of 3rd period - Wrist shot by William Lockwood.
5:14 of 3rd period - Shot Misses the Net.
5:40 of 3rd period - Wrist shot by Curtis Lazar.
5:40 of 3rd period - Shot Blocked by Darren Dietz.
5:50 of 3rd period - Snap shot by Darren Dietz.
5:50 of 3rd period - Deflect By Mackenzie MacEachern.
5:50 of 3rd period - Stopped by Casey DeSmith with a rebound.
5:52 of 3rd period - Slapshot by Jake Bean.
5:52 of 3rd period - Deflect By Jonny Brodzinski.
5:52 of 3rd period - Stopped by Casey DeSmith without a rebound.
5:53 of 3rd period - Tyler Graovac wins face-off versus Reid Boucher in Comets zone.
6:46 of 3rd period - Snap shot by Cristiano Digiacinto.
6:46 of 3rd period - Shot Misses the Net.
6:48 of 3rd period - Snap shot by Jake Bean.
6:48 of 3rd period - Shot Blocked by Michael Joly.
6:50 of 3rd period - Slapshot by Christian Wolanin.
6:50 of 3rd period - Deflect By Jonny Brodzinski.
6:50 of 3rd period - Shot Misses the Net.
6:50 of 3rd period - Puck is out of play.
6:51 of 3rd period - Alan Quine wins face-off versus Nicolas Petan in Comets zone.
6:52 of 3rd period - Snap shot by Valeri Nichushkin.
6:52 of 3rd period - Stopped by Casey DeSmith without a rebound.
6:53 of 3rd period - Ryan Lomberg wins face-off versus Conor Garland in Comets zone.
7:18 of 3rd period - Phil Di Giuseppe is hit by Ilya Lyubushkin.
7:22 of 3rd period - William Lagesson is hit by Marcus Bjork and loses puck.
7:27 of 3rd period - Snap shot by Alexandre Texier.
7:27 of 3rd period - Stopped by Casey DeSmith without a rebound.
7:28 of 3rd period - Nicolas Petan wins face-off versus Alan Quine in Comets zone.
7:40 of 3rd period - Off-side.
7:41 of 3rd period - Nicolas Petan wins face-off versus Alan Quine in neutral zone.
8:07 of 3rd period - Darren Dietz is hit by Jean-Sebastien Dea and loses puck.
8:18 of 3rd period - Wrist shot by Juho Lammikko.
8:18 of 3rd period - Shot Hit the Post.
8:30 of 3rd period - Wrist shot by Alexandre Texier.
8:30 of 3rd period - Shot Blocked by Adam Ollas-Mattsson.
8:32 of 3rd period - Slapshot by Darren Dietz.
8:32 of 3rd period - Stopped by Casey DeSmith without a rebound.
8:33 of 3rd period - Brett Howden wins face-off versus Charles Hudon in Comets zone.
8:44 of 3rd period - Wrist shot by Lane Pederson.
8:44 of 3rd period - Stopped by Juuse Saros without a rebound.
8:45 of 3rd period - Alan Quine wins face-off versus Curtis Lazar in Devils zone.
9:35 of 3rd period - Juho Lammikko is hit by Jonny Brodzinski and loses puck.
9:46 of 3rd period - Wrist shot by Cristiano Digiacinto.
9:46 of 3rd period - Deflect By Jonny Brodzinski.
9:46 of 3rd period - Shot Blocked by Adam Ollas-Mattsson.
9:46 of 3rd period - Puck is out of play.
9:47 of 3rd period - Brett Howden wins face-off versus Nicolas Petan in Comets zone.
9:50 of 3rd period - Wrist shot by Alexandre Texier.
9:50 of 3rd period - Shot Misses the Net.
9:52 of 3rd period - Snap shot by Brett Howden.
9:52 of 3rd period - Shot Blocked by Nicolas Petan.
9:54 of 3rd period - Snap shot by Tim Gettinger.
9:54 of 3rd period - Stopped by Casey DeSmith with a rebound.
9:56 of 3rd period - Snap shot by Brett Howden.
9:56 of 3rd period - Deflect By Tim Gettinger.
9:56 of 3rd period - Stopped by Casey DeSmith with a rebound.
9:58 of 3rd period - Snap shot by Alexandre Texier.
9:58 of 3rd period - Stopped by Casey DeSmith with a rebound.
10:00 of 3rd period - Slapshot by Marcus Bjork.
10:00 of 3rd period - Deflect By Brett Howden.
10:00 of 3rd period - Shot Misses the Net.
10:00 of 3rd period - Puck is out of play.
10:01 of 3rd period - Nicolas Petan wins face-off versus Jonny Brodzinski in Comets zone.
10:27 of 3rd period - Juho Lammikko is hit by Conor Garland and loses puck.
10:38 of 3rd period - Slapshot by Valeri Nichushkin.
10:38 of 3rd period - Shot Misses the Net.
10:54 of 3rd period - Wrist shot by William Lockwood.
10:54 of 3rd period - Stopped by Juuse Saros without a rebound.
10:55 of 3rd period - Lane Pederson wins face-off versus Reid Boucher in Devils zone.
10:56 of 3rd period - Wrist shot by Charles Hudon.
10:56 of 3rd period - Deflect By Lane Pederson.
10:56 of 3rd period - Deflect By Jake Bean.
10:56 of 3rd period - Stopped by Juuse Saros with a rebound.
10:58 of 3rd period - Backhand shot by Lane Pederson.
10:58 of 3rd period - Deflect By Charles Hudon.
10:58 of 3rd period - Stopped by Juuse Saros with a rebound.
11:00 of 3rd period - Slapshot by William Lagesson.
11:00 of 3rd period - Deflect By William Lockwood.
11:00 of 3rd period - Goal by William Lockwood - Comets : 4 - Devils : 5.
11:01 of 3rd period - Nicolas Petan wins face-off versus Alan Quine in neutral zone.
11:34 of 3rd period - Wrist shot by Juho Lammikko.
11:34 of 3rd period - Stopped by Juuse Saros with a rebound.
11:36 of 3rd period - Wrist shot by Jean-Sebastien Dea.
11:36 of 3rd period - Shot Blocked by Jonny Brodzinski.
11:46 of 3rd period - Slapshot by Alexandre Texier.
11:46 of 3rd period - Stopped by Casey DeSmith with a rebound.
11:48 of 3rd period - Wrist shot by Brett Howden.
11:48 of 3rd period - Stopped by Casey DeSmith with a rebound.
11:50 of 3rd period - Wrist shot by Alexandre Texier.
11:50 of 3rd period - Deflect By Tim Gettinger.
11:50 of 3rd period - Shot Misses the Net.
11:50 of 3rd period - Puck is out of play.
11:51 of 3rd period - Nicolas Petan wins face-off versus Tim Gettinger in Comets zone.
11:56 of 3rd period - Slapshot by William Lagesson.
11:56 of 3rd period - Stopped by Juuse Saros with a rebound.
12:17 of 3rd period - Alexandre Texier is hit by Charles Hudon and loses puck.
12:26 of 3rd period - Wrist shot by Charles Hudon.
12:26 of 3rd period - Goal by Charles Hudon - Comets : 5 - Devils : 5.
12:27 of 3rd period - Alan Quine wins face-off versus Nicolas Petan in neutral zone.
12:41 of 3rd period - Valeri Nichushkin is hit by Nicolas Petan.
13:22 of 3rd period - Snap shot by William Lockwood.
13:22 of 3rd period - Stopped by Juuse Saros with a rebound.
13:24 of 3rd period - Snap shot by William Lockwood.
13:24 of 3rd period - Shot Hit the Post.
13:26 of 3rd period - Backhand shot by Charles Hudon.
13:26 of 3rd period - Deflect By Lane Pederson.
13:26 of 3rd period - Stopped by Juuse Saros without a rebound.
13:27 of 3rd period - Nicolas Petan wins face-off versus Alan Quine in Devils zone.
13:32 of 3rd period - Snap shot by Nicolas Petan.
13:32 of 3rd period - Shot Blocked by Christian Wolanin.
13:34 of 3rd period - Wrist shot by Ryan Lomberg.
13:34 of 3rd period - Stopped by Juuse Saros with a rebound.
13:36 of 3rd period - Snap shot by Curtis Lazar.
13:36 of 3rd period - Stopped by Juuse Saros without a rebound.
13:37 of 3rd period - Nicolas Petan wins face-off versus Alan Quine in Devils zone.
14:07 of 3rd period - Alan Quine is hit by Curtis Lazar and loses puck.
14:28 of 3rd period - Snap shot by Ryan Lomberg.
14:28 of 3rd period - Stopped by Juuse Saros with a rebound.
14:44 of 3rd period - Snap shot by Curtis Lazar.
14:44 of 3rd period - Stopped by Juuse Saros with a rebound.
14:46 of 3rd period - Wrist shot by Nicolas Petan.
14:46 of 3rd period - Shot Misses the Net.
15:10 of 3rd period - Slapshot by Valeri Nichushkin.
15:10 of 3rd period - Stopped by Casey DeSmith without a rebound.
15:11 of 3rd period - Jean-Sebastien Dea wins face-off versus Reid Boucher in Comets zone.
15:43 of 3rd period - Tim Gettinger is hit by Mackenzie MacEachern and loses puck.
16:55 of 3rd period - Slapshot by Daniil Miromanov.
16:55 of 3rd period - Shot Blocked by Vincent Desharnais.
16:57 of 3rd period - Backhand shot by Michael Joly.
16:57 of 3rd period - Shot Misses the Net.
16:59 of 3rd period - Snap shot by Tyler Graovac.
16:59 of 3rd period - Deflect By Mackenzie MacEachern.
16:59 of 3rd period - Shot Blocked by Reid Boucher.
16:59 of 3rd period - Puck is out of play.
17:00 of 3rd period - Reid Boucher wins face-off versus Tyler Graovac in Devils zone.
17:33 of 3rd period - Slapshot by William Lagesson.
17:33 of 3rd period - Deflect By Reid Boucher.
17:33 of 3rd period - Stopped by Juuse Saros with a rebound.
17:42 of 3rd period - Icing by Charles Hudon.
17:43 of 3rd period - Alan Quine wins face-off versus Lane Pederson in Comets zone.
17:48 of 3rd period - Wrist shot by Alan Quine.
17:48 of 3rd period - Stopped by Casey DeSmith without a rebound.
17:49 of 3rd period - Nicolas Petan wins face-off versus Alan Quine in Comets zone.
18:13 of 3rd period - Off-side.
18:14 of 3rd period - Reid Boucher wins face-off versus Jean-Sebastien Dea in neutral zone.
18:25 of 3rd period - Wrist shot by Jonny Brodzinski.
18:25 of 3rd period - Shot Misses the Net.
18:27 of 3rd period - Wrist shot by Reid Boucher.
18:27 of 3rd period - Goal by Reid Boucher - Comets : 5 - Devils : 6.
18:28 of 3rd period - Nicolas Petan wins face-off versus Nicolas Roy in neutral zone.
18:58 of 3rd period - Wrist shot by Alan Quine.
18:58 of 3rd period - Goal by Alan Quine - Comets : 5 - Devils : 7.
18:59 of 3rd period - Nicolas Roy wins face-off versus Nicolas Petan in neutral zone.
19:06 of 3rd period - Nicolas Petan is hit by Darren Dietz and loses puck.
19:52 of 3rd period - Off-side.
19:53 of 3rd period - Juho Lammikko wins face-off versus Alan Quine in neutral zone.
19:55 of 3rd period - Off-side.
19:56 of 3rd period - Brett Howden wins face-off versus Juho Lammikko in neutral zone.
19:59 of 3rd period - Juho Lammikko is hit by Alan Quine and loses puck.
Goals for this period are 2 for Comets vs 2 for Devils.
Shots for this period are 20 for Comets vs 16 for Devils.